 Dungeon Crawl Stone Soup version 0.28.0-45-g0d030f2227 (webtiles) character file.

Game seed: 7501580147858332370

27 Ablot the Cutter (level 3, -1/35 HPs)
             Began as a Gnoll Chaos Knight on Apr 20, 2022.
             Was a Plaything of Xom.
             Frozen to death by an endoplasm (3 damage)
             ... on level 2 of the Dungeon.
             The game lasted 00:01:10 (1235 turns).

Ablot the Cutter (Gnoll Chaos Knight)               Turns: 1235, Time: 00:01:12

Health: -1/35      AC:  5    Str: 13    XL:     3   Next: 10%
Magic:  3/3        EV:  9    Int: 11    God:    Xom [..*...]
Gold:   39         SH:  0    Dex: 11    Spells: 3/3 levels left

rFire   . . .      SeeInvis .   a - +0 short sword (chaos)
rCold   . . .      Faith    .   (no shield)
rNeg    . . .      Spirit   .   b - +2 leather armour
rPois   .          Reflect  .   (no helmet)
rElec   .          Harm     .   (no cloak)
rCorr   .          Rampage  .   (no gloves)
Will    .....                   (no boots)
Stlth   +.........              (no amulet)
HPRegen 0.11/turn               (no ring)
MPRegen 0.08/turn               (no ring)

@: constricted
A: fangs 1, strong nose, distributed training
a: Renounce Religion


You were on level 2 of the Dungeon.
You worshipped Xom.
You were a toy of Xom.
You visited 1 branch of the dungeon, and saw 2 of its levels.

You collected 39 gold pieces.

Inventory:

Hand Weapons
 a - a +0 short sword of chaos (weapon)
Missiles
 d - 24 stones (quivered)
 h - 11 bolts
 i - 22 arrows
Armour
 b - a +2 leather armour (worn)
Magical Staves
 g - a staff of poison
Scrolls
 c - 4 scrolls of identify {unknown}
 e - a scroll of enchant armour {unknown}
Potions
 f - a potion of degeneration {unknown}
 j - 2 potions of curing {unknown}


   Skills:
 + Level 6.5 Fighting
 + Level 6.5 Short Blades
 + Level 0.6 Long Blades
 + Level 0.6 Axes
 + Level 0.6 Maces & Flails
 + Level 0.6 Polearms
 + Level 0.6 Staves
 + Level 0.6 Slings
 + Level 0.6 Bows
 + Level 0.6 Crossbows
 + Level 0.6 Throwing
 + Level 4.5 Armour
 + Level 2.5 Dodging
 + Level 0.6 Stealth
 + Level 0.6 Shields
 + Level 0.6 Unarmed Combat
 + Level 0.6 Spellcasting
 + Level 0.4 Conjurations
 + Level 0.4 Hexes
 + Level 0.4 Summonings
 + Level 0.4 Necromancy
 + Level 0.4 Translocations
 + Level 0.4 Transmutations
 + Level 0.4 Fire Magic
 + Level 0.4 Ice Magic
 + Level 0.4 Air Magic
 + Level 0.4 Earth Magic
 + Level 0.4 Poison Magic
 + Level 0.8 Invocations
 + Level 0.6 Evocations


You had 3 spell levels left.
You didn't know any spells.
Your spell library contained the following spells:

 Spells                   Type           Power      Damage    Failure   Level
 Blink                    Tloc           2%         N/A       45%         2
 Manifold Assault         Tloc           1%         N/A       100%        5
 Storm Form               Tmut/Air       0%         N/A       100%        7


Dungeon Overview and Level Annotations

Branches:
Dungeon (2/15)

Altars:


Innate Abilities, Weirdness & Mutations

You have very sharp teeth.
Your uncanny sense of smell can sniff out nearby items.
Your experience applies equally to all skills.


Message History

The bat hits you but does no damage. x2
The bat hits you but does no damage. The bat hits you.
* * * LOW HITPOINT WARNING * * *
You completely miss the bat. The bat hits you but does no damage. x3
The adder bites you.
* * * LOW HITPOINT WARNING * * *
You barely miss the adder. Your punch misses the adder.
The bat hits you but does no damage. x2; The adder barely misses you.
You barely miss the adder. Your bite misses the adder.
The bat hits you but does no damage.
The ball python bites you but does no damage.
The ball python misses you. The bat misses you.
The adder bites you but does no damage.
You hit the adder. You drain the adder. Your bite misses the adder.
The adder is moderately wounded.
The bat completely misses you. The bat hits you but does no damage.
The ball python bites you but does no damage.
The ball python grabs you. The ball python constricts you.
The adder bites you but does no damage.
You miss the adder. You bite the adder.
The adder is moderately wounded.
The bat hits you but does no damage. x2; The ball python bites you.
* * * LOW HITPOINT WARNING * * *
The ball python constricts you. The adder bites you but does no damage.
You hit the adder.
You feel better.
The adder is almost dead.
The bat closely misses you. The ball python bites you.
* * * LOW HITPOINT WARNING * * *
The ball python constricts you.
* * * LOW HITPOINT WARNING * * *
The adder bites you.
* * * LOW HITPOINT WARNING * * *
You closely miss the adder. Your punch misses the adder.
The adder is almost dead.
The bat closely misses you.
The ball python bites you but does no damage.
The ball python constricts you. The adder bites you but does no damage.
The endoplasm freezes you.
You are frozen.
You die...

# .. #######
#.####+#+## ##≈≈≈≈≈##
#.........# #≈≈≈≈≈≈≈#
#.........+##≈≈≈≈≈≈≈##
#.........##≈≈≈≈≈≈≈≈≈#
..........+#≈≈≈S@≈≈≈≈#
##........##...bJS.≈≈#
####.......##...b...##
............#.......#
............##.....##
+###.........##...##
..............#...#
.$.J.##########...#
.....# #...#


You could see an adder (drained), an endoplasm, 2 bats and a ball python.

Vanquished Creatures
  A dart slug (D:1)
  6 bats
  2 endoplasms (D:1)
  A goblin (D:1)
  3 hobgoblins
  2 ball pythons (D:1)
  A frilled lizard (D:1)
  5 kobolds
  3 rats (D:1)
24 creatures vanquished.

Notes
Turn   | Place    | Note
-------+----------+-------------------------------------------
     0 | D:1      | Ablot the Gnoll Chaos Knight began the quest for the Orb.
     0 | D:1      | Reached XP level 1. HP: 23/23 MP: 1/1
    36 | D:1      | XOM: divination: detect items
   179 | D:1      | Reached XP level 2. HP: 29/29 MP: 2/2
   180 | D:1      | XOM: silly message
   739 | D:1      | XOM: divination: detect creatures
   987 | D:2      | Reached XP level 3. HP: 29/35 MP: 3/3
  1040 | D:2      | XOM: silly message
  1041 | D:2      | XOM: noise
  1121 | D:2      | Found a faded altar of an unknown god.
  1214 | D:2      | XOM: noise
  1235 | D:2      | Frozen to death by an endoplasm

Illustrated notes

Levels and vault maps discovered:
D:1:      dpeg_arrival_ternary, layout_basic
D:2:      layout_basic, hellmonk_ecumenical_altar_inner_sanctum,
          nicolae_underground_beach

Action                   || total
-------------------------++-------
Melee: Short sword       ||    69
       Punch             ||     2
       Bite              ||     6
Armor: Leather armour    ||    65
Dodge: Dodged            ||    83
